 Dungeon Crawl Stone Soup version 0.31-a0-219-g8d62b2e7bb (console) character file.

Game seed: 17130549727223457818

119559 jejorda2 the Basher (level 16, -13/131 HPs)
             Began as a Gnoll Berserker on July 2, 2023.
             Was a High Priest of Trog.
             Mangled by a sun demon (15 damage)
             ... summoned by an orc high priest
             ... on level 2 of the Orcish Mines on July 3, 2023.
             The game lasted 01:26:41 (27659 turns).

jejorda2 the Basher (Gnoll Berserker)              Turns: 27659, Time: 01:26:42

Health: -13/131    AC: 23    Str: 23    XL:     16   Next: 79%
Magic:  31/31      EV: 12    Int:  9    God:    Trog [*****.]
Gold:   2159       SH: 16    Dex: 11    Spells: 38/38 levels left

rFire   . . .        a - +0 demon whip (venom)
rCold   . . .        k - +0 kite shield
rNeg    + . .        N - +2 chain mail {rN+}
rPois   +            f - +2 helmet
rElec   .            (no cloak)
rCorr   .            g - +2 pair of gloves
SInv    .            h - +0 pair of boots
Will    +....        w - amulet of reflection
Stlth   ++           X - +4 ring of slaying
HPRegen 0.41/turn    r - ring of poison resistance
MPRegen 0.22/turn

%: reflection
@: on berserk cooldown, slowed, very slow
A: fangs 1, strong nose, distributed training
a: Renounce Religion, Berserk, Trog's Hand, Brothers in Arms


You were on level 2 of the Orcish Mines.
You worshipped Trog.
Trog was extremely pleased with you.
You visited 3 branches of the dungeon, and saw 22 of its levels.

You collected 2415 gold pieces.
You spent 256 gold pieces at shops.

Inventory:

Hand Weapons
 a - a +0 demon whip of venom (weapon)
 b - a +1 heavy war axe
 j - a +2 demon trident
Missiles
 d - 5 silver boomerangs
 e - 88 stones
 s - 34 poisoned darts (quivered)
 A - 14 boomerangs
 G - 6 silver javelins
 J - 15 javelins
 K - 10 curare-tipped darts
 L - 5 atropa-tipped darts
 S - 4 throwing nets
Armour
 f - a +2 helmet (worn)
 g - a +2 pair of gloves (worn)
 h - a +0 pair of boots (worn)
 k - a +0 kite shield (worn)
 N - a +2 chain mail of positive energy (worn)
Jewellery
 m - the ring "Ehuasegi" {rC++ SInv}
   (You acquired it on level 3 of the Lair of Beasts)

   [ring of see invisible]

   rC:        It greatly protects you from cold.
   SInv:      It lets you see invisible.
 r - a ring of poison resistance (right hand)
 t - a ring of fire
 u - a ring of fire
 w - an amulet of reflection (around neck)
 Q - a ring of flight
 R - a ring of ice
 X - a +4 ring of slaying (left hand)
Wands
 o - a wand of digging (9)
 v - a wand of flame (19)
 y - a wand of iceblast (10)
 D - a wand of mindburst (24)
 H - a wand of quicksilver (3)
 U - a wand of polymorph (5)
 V - a wand of paralysis (8)
Scrolls
 c - 3 scrolls of poison
 n - 5 scrolls of enchant weapon
 p - 7 scrolls of teleportation
 x - 2 scrolls of fear
 C - 2 scrolls of enchant armour
 F - 2 scrolls of blinking
 M - a scroll of fog
 O - a scroll of silence
 W - a scroll of summoning
Potions
 i - 6 potions of curing
 q - 7 potions of enlightenment
 z - 3 potions of mutation
 B - 2 potions of attraction
 E - 3 potions of might
 I - 5 potions of heal wounds
 T - 2 potions of haste
 Y - a potion of resistance
 Z - a potion of cancellation
Miscellaneous
 P - a condenser vane (inert)


   Skills:
 + Level 13.2 Fighting
 + Level 11.5 Short Blades
 + Level 11.5 Long Blades
 + Level 11.5 Axes
 + Level 13.2 Maces & Flails
 + Level 11.5 Polearms
 + Level 11.5 Staves
 + Level 11.5 Ranged Weapons
 + Level 11.5 Throwing
 + Level 12.4 Armour
 + Level 12.4 Dodging
 + Level 11.5 Stealth
 + Level 11.5 Shields
 + Level 11.5 Unarmed Combat
 + Level 11.5 Spellcasting
 + Level 9.8 Conjurations
 + Level 9.8 Hexes
 + Level 9.8 Summonings
 + Level 9.8 Necromancy
 + Level 9.8 Translocations
 + Level 9.8 Transmutations
 + Level 9.8 Fire Magic
 + Level 9.8 Ice Magic
 + Level 9.8 Air Magic
 + Level 9.8 Earth Magic
 + Level 9.8 Poison Magic
 + Level 12.5 Invocations
 + Level 11.5 Evocations


You had 38 spell levels left.
You didn't know any spells.
Your spell library was empty.

Dungeon Overview and Level Annotations

Branches:
Dungeon (15/15)            Temple (0/1) D:4            Lair (5/5) D:8
 Shoals (0/4) Lair:3        Snake (0/4) Lair:2        Slime (0/5) Lair:4
    Orc (2/2) D:10            Elf (0/3) Orc:2        Vaults (0/5) D:13
 Depths (0/4) D:15

Altars:
Cheibriados
Dithmenos
Fedhas
Hepliaklqana
Kikubaaqudgha
Ru
Sif Muna
Trog
Uskayaw
Vehumet
Wu Jian
Yredelemnul
Jiyva

Shops:
D:1 !   D:4 (   D:6 (   Orc:2 !*(![

Portals:
Trove: D:11 (give 8 potions of haste)

Annotations:
D:5 2 transporters, Leavold's ghost, novice TeDe
Lair:4 exclusion: 4 oklob plants
Lair:5 exclusion: 2 oklob plants


Innate Abilities, Weirdness & Mutations

You have very sharp teeth.
Your uncanny sense of smell can sniff out nearby items.
Your experience applies equally to all skills.


Message History

You block the orc's attack.
You whack the orc priest!
You kill the orc priest!
Trog accepts your kill.
You are no longer berserk.
You are exhausted.
You feel yourself slow down.
The orc high priest mumbles some strange prayers to Beogh.
The orc high priest hits you but does no damage.
Items here: ) †.
You barely miss the orc high priest. The sun demon hits you.
You are engulfed in flames!!
You block the orc's attack.
The orc high priest hits you but does no damage.
You whack the orc high priest!
The orc high priest is poisoned.
The orc high priest is lightly wounded.
You block the sixfirhy's attack.
The sun demon hits you but does no damage.
The sixfirhy hits you. The sixfirhy shocks you!
You whack the orc high priest!
The orc high priest looks as sick as possible!
The orc high priest is heavily wounded.
You block the sixfirhy's attack. The sixfirhy hits you.
The sixfirhy shocks you! You block the orc's attack.
You block the orc high priest's attack. The sun demon hits you!
* * * LOW HITPOINT WARNING * * *
You are engulfed in flames!!
* * * LOW HITPOINT WARNING * * *
The sixfirhy closely misses you.
You hit the orc high priest.
The orc high priest looks as sick as possible!
Your bite misses the orc high priest.
The orc high priest is heavily wounded.
The sixfirhy barely misses you. You block the sixfirhy's attack.
The sixfirhy barely misses you. You block the sixfirhy's attack.
The sixfirhy barely misses you. The orc closely misses you.
The orc high priest barely misses you. The sixfirhy barely misses you.
The sun demon hits you!
* * * LOW HITPOINT WARNING * * *
You are engulfed in flames!
You die...

##.....#.........#.##
#......#....#...####
##...............################
##...............................
.##..............................
....).....#..#######.###.###.####
.............#∩....#.# #.# #.#.._
..)).........#..33.#.###.###.#...
.............#.o@).#..)......#...
....)........#.o3).#.###.###.###'
.............###)###.# #)# #.....
.......).....))))....# #)# #..8..
......)....).###'##..###)###.....
.............#.)))#.......)......
.............#....#..#######.###.
...........^.#∩...#..# #.# #.
.............######..#######.###.


You could see an orc high priest (extremely poisoned), a sun demon (summoned), 2
sixfirhies and an orc.

Vanquished Creatures
  Jorgrun (D:15)
  Rupert (Lair:5)
  Agnes (D:15)
  2 very ugly things (D:15)
  Azrael (D:15)
  2 dire elephants (Lair:5)
  Snorg (D:11)
  Fannar (D:11)
  Harold (Lair:2)
  2 hydras (Lair:5)
  9 boulder beetles
  4 centaur warriors
  4 two-headed ogres
  3 tengu warriors
  6 death yaks (Lair:3)
  5 orc high priests (Orc:2)
  A shock serpent (shapeshifter) (D:15)
  Urug (D:13)
  Amaemon (Lair:1)
  Sonja (Lair:2)
  2 skysharks
  A spectral anaconda (Lair:5)
  5 skeletal warriors (D:11)
  An obsidian statue (Lair:5)
  An orc knight (Orc:2)
  2 wizards (D:14)
  2 deep elf pyromancers (D:14)
  3 necromancers (Lair:5)
  10 ugly things
  3 cyclopes
  35 elephants
  5 manticores
  2 dire elephant zombies (Lair:5)
  Joseph (D:9)
  3 black mambas
  The ghost of killer11drew the Spear-Bearer, a novice HOFi of Beogh (D:4)
  A gargoyle (D:12)
  The ghost of GoodGuyCap the Poker, a novice DsMo of Xom (D:4)
  An orange demon (Lair:1)
  13 cane toads
  An unseen horror (D:11)
  Psyche (D:10)
  A rime drake (shapeshifter) (D:14)
  A kobold demonologist (D:11)
  4 rime drakes
  A yaktaur (D:12)
  2 freezing wraiths
  8 komodo dragons
  The ghost of McSplat the Twirler, a novice GrGl of Uskayaw (D:4)
  A tengu conjurer (D:15)
  5 polar bears
  Prince Ribbit (D:7)
  8 trolls
  A raiju (shapeshifter) (D:15)
  16 blink frogs
  4 dream sheep (Lair:4)
  19 slime creatures
  A centaur simulacrum (D:15)
  A vampire (D:10)
  4 wyverns
  A jumping spider (shapeshifter) (D:13)
  3 wraiths
  A shadow (D:10)
  6 basilisks
  3 fire elementals (D:15)
  16 humans (D:13)
  49 yaks
  A death yak simulacrum (Lair:5)
  3 spectral cane toads (Lair:5)
  A naga (Lair:2)
  4 wargs
  A swamp worm (shapeshifter) (D:15)
  3 acid dragons
  4 hell hounds (D:15)
  19 water moccasins
  2 sky beasts (D:7)
  20 orc warriors
  A black bear (Lair:3)
  3 elephant zombies (Lair:5)
  5 ice beasts
  5 boggarts (D:15)
  10 wolves
  3 ogres
  12 centaurs
  2 phantoms (D:5)
  4 kobold brigands
  A spectral water moccasin (D:4)
  9 bullfrogs
  2 scorpions
  A gnoll sergeant (Orc:1)
  6 wights
  A water moccasin skeleton (D:4)
  12 killer bees
  An elephant simulacrum (Lair:5)
  7 howler monkeys
  The ghost of SirDiesAlot the Insei, a weakling OpTm (D:4)
  A jelly (D:4)
  A jelly (shapeshifter) (D:15)
  41 orc priests
  A gnoll bouda (D:7)
  2 hounds
  2 sleepcaps
  Natasha (thrice) (D:4)
  Terence (D:2)
  14 orc wizards
  A hound skeleton (D:4)
  A mummy (D:3)
  Robin (D:4)
  4 adders
  17 gnolls
  A shadow imp (D:8)
  2 spectral adders (D:4)
  An adder zombie (D:4)
  2 worms
  93 orcs
  2 endoplasms
  2 giant cockroaches
  6 hobgoblins
  A jackal (D:3)
  A quokka (D:2)
  5 ball pythons
  4 bats
  2 frilled lizards
  15 goblins
  8 kobolds
  3 rats
683 creatures vanquished.

Vanquished Creatures (collateral kills)
  A centaur warrior (D:13)
  An orc high priest (Orc:2)
  Lodul (D:13)
  A glowing orange brain (D:15)
  3 ugly things (D:15)
  A cyclops (Orc:2)
  2 elephants (Lair:4)
  A troll (Orc:2)
  A warg (Orc:2)
  An ogre (Orc:2)
  2 orc priests (Orc:2)
  2 orcs (Orc:2)
17 creatures vanquished.

Vanquished Creatures (others)
  An orc (Orc:2)
1 creature vanquished.

Grand Total: 701 creatures vanquished

Notes
Turn   | Place    | Note
-------+----------+-------------------------------------------
     0 | D:1      | jejorda2 the Gnoll Berserker began the quest for the Orb.
     0 | D:1      | Reached XP level 1. HP: 23/23 MP: 1/1
   152 | D:1      | Found Plog's Distillery.
   671 | D:1      | Reached XP level 2. HP: 29/29 MP: 2/2
   836 | D:1      | Bought a potion of curing for 36 gold pieces
  1150 | D:2      | Noticed Terence
  1158 | D:2      | Killed Terence
  1159 | D:2      | Reached skill level 1 in Invocations
  1159 | D:2      | Reached XP level 3. HP: 35/35 MP: 2/4
  1392 | D:2      | Reached skill level 1 in Short Blades
  1392 | D:2      | Reached skill level 1 in Long Blades
  1392 | D:2      | Reached skill level 1 in Axes
  1392 | D:2      | Reached skill level 1 in Polearms
  1392 | D:2      | Reached skill level 1 in Staves
  1392 | D:2      | Reached skill level 1 in Ranged Weapons
  1392 | D:2      | Reached skill level 1 in Throwing
  1392 | D:2      | Reached skill level 1 in Stealth
  1392 | D:2      | Reached skill level 1 in Shields
  1392 | D:2      | Reached skill level 1 in Unarmed Combat
  1392 | D:2      | Reached skill level 1 in Spellcasting
  1392 | D:2      | Reached skill level 1 in Evocations
  1518 | D:1      | Bought a potion of might for 48 gold pieces
  1602 | D:3      | Reached XP level 4. HP: 39/41 MP: 5/5
  1780 | D:3      | Found a shadowy altar of Dithmenos.
  1907 | D:3      | Reached skill level 1 in Conjurations
  1907 | D:3      | Reached skill level 1 in Hexes
  1907 | D:3      | Reached skill level 1 in Summonings
  1907 | D:3      | Reached skill level 1 in Necromancy
  1907 | D:3      | Reached skill level 1 in Translocations
  1907 | D:3      | Reached skill level 1 in Transmutations
  1907 | D:3      | Reached skill level 1 in Fire Magic
  1907 | D:3      | Reached skill level 1 in Ice Magic
  1907 | D:3      | Reached skill level 1 in Air Magic
  1907 | D:3      | Reached skill level 1 in Earth Magic
  1907 | D:3      | Reached skill level 1 in Poison Magic
  1997 | D:3      | Reached ** piety under Trog
  2099 | D:3      | Found a snail-covered altar of Cheibriados.
  2321 | D:4      | Noticed a scorpion
  2326 | D:4      | Reached XP level 5. HP: 47/47 MP: 7/7
  2541 | D:4      | Found a basalt altar of Yredelemnul.
  2570 | D:4      | Found a radiant altar of Vehumet.
  2598 | D:4      | Noticed a spectral water moccasin
  2612 | D:4      | Reached XP level 6. HP: 53/53 MP: 8/8
  2625 | D:4      | Reached skill level 5 in Armour
  2625 | D:4      | Reached skill level 5 in Dodging
  2658 | D:4      | Noticed Natasha
  2725 | D:4      | Killed Natasha
  2789 | D:4      | Noticed Natasha
  2804 | D:4      | Killed Natasha
  2805 | D:4      | Reached XP level 7. HP: 35/60 MP: 10/10
  2900 | D:4      | Identified the +2 dagger of the Candelabrum {pain, Int+2
                  | SInv}
  2932 | D:4      | Noticed Natasha
  2940 | D:4      | Killed Natasha
  2988 | D:4      | Noticed Robin
  2989 | D:4      | Found Ylief's Antique Weapon Shoppe.
  2997 | D:4      | Killed Robin
  3052 | D:4      | Found a runed translucent gate.
  3052 | D:4      | Found a runed translucent gate.
  3052 | D:4      | Found a runed translucent gate.
  3053 | D:4      | Noticed SirDiesAlot's ghost (weakling OpTm)
  3053 | D:4      | Noticed GoodGuyCap's ghost (novice DsMo)
  3054 | D:4      | Noticed killer11drew's ghost (novice HOFi)
  3054 | D:4      | Noticed McSplat's ghost (novice GrGl)
  3076 | D:4      | Killed killer11drew's ghost
  3093 | D:4      | Killed McSplat's ghost
  3094 | D:4      | Reached XP level 8. HP: 28/67 MP: 12/12
  3106 | D:4      | Killed GoodGuyCap's ghost
  3107 | D:4      | Killed SirDiesAlot's ghost
  3380 | D:4      | Found a staircase to the Ecumenical Temple.
  3447 | D:1      | Bought a potion of heal wounds for 60 gold pieces
  3507 | D:5      | Entered Level 5 of the Dungeon
  3649 | D:5      | Found a transporter.
  3649 | D:5      | Noticed Leavold's ghost (novice TeDe)
  3658 | D:5      | Found a transporter.
  3768 | D:5      | Reached XP level 9. HP: 51/73 MP: 14/14
  4620 | D:6      | Found Zung's Weapon Shoppe.
  4643 | D:6      | Found a hazy altar of Hepliaklqana.
  5325 | D:7      | Reached *** piety under Trog
  5519 | D:7      | Reached skill level 5 in Invocations
  5735 | D:7      | Found a sacrificial altar of Ru.
  5742 | D:7      | Found a blossoming altar of Fedhas.
  5788 | D:7      | Noticed Prince Ribbit
  5872 | D:7      | Killed Prince Ribbit
  5885 | D:7      | Identified the +2 trident of Hubris {speed, MP+9}
  5983 | D:7      | Found a shimmering blue altar of Sif Muna.
  5983 | D:7      | Found an ornate altar of the Wu Jian Council.
  6059 | D:8      | Reached skill level 5 in Short Blades
  6059 | D:8      | Reached skill level 5 in Long Blades
  6059 | D:8      | Reached skill level 5 in Axes
  6059 | D:8      | Reached skill level 5 in Polearms
  6059 | D:8      | Reached skill level 5 in Staves
  6059 | D:8      | Reached skill level 5 in Ranged Weapons
  6059 | D:8      | Reached skill level 5 in Throwing
  6059 | D:8      | Reached skill level 5 in Stealth
  6059 | D:8      | Reached skill level 5 in Shields
  6059 | D:8      | Reached skill level 5 in Unarmed Combat
  6059 | D:8      | Reached skill level 5 in Spellcasting
  6059 | D:8      | Reached skill level 5 in Evocations
  6059 | D:8      | Reached XP level 10. HP: 63/81 MP: 17/17
  6234 | D:8      | Reached skill level 5 in Conjurations
  6234 | D:8      | Reached skill level 5 in Hexes
  6234 | D:8      | Reached skill level 5 in Summonings
  6234 | D:8      | Reached skill level 5 in Necromancy
  6234 | D:8      | Reached skill level 5 in Translocations
  6234 | D:8      | Reached skill level 5 in Transmutations
  6234 | D:8      | Reached skill level 5 in Fire Magic
  6234 | D:8      | Reached skill level 5 in Ice Magic
  6234 | D:8      | Reached skill level 5 in Air Magic
  6234 | D:8      | Reached skill level 5 in Earth Magic
  6234 | D:8      | Reached skill level 5 in Poison Magic
  6234 | D:8      | Reached XP level 11. HP: 89/89 MP: 20/20
  6235 | D:8      | Reached XP level 12. HP: 97/97 MP: 22/22
  6481 | D:8      | Noticed a two-headed ogre
  6489 | D:8      | Killed a two-headed ogre
  6530 | D:8      | Found a staircase to the Lair.
  6561 | D:8      | Reached skill level 10 in Fighting
  6561 | D:8      | Reached skill level 10 in Maces & Flails
  7030 | D:9      | Noticed a centaur warrior
  7286 | Lair:1   | Entered Level 1 of the Lair of Beasts
  8370 | Lair:2   | Found a staircase to the Snake Pit.
  8727 | Lair:2   | Noticed Sonja
  8729 | Lair:2   | Killed Sonja
  8730 | Lair:2   | Noticed Amaemon
  8732 | Lair:2   | Noticed Harold
  8782 | Lair:1   | Killed Amaemon
  8867 | Lair:2   | Killed Harold
  9329 | Lair:2   | You fall into a shaft and drop 1 floor!
  9329 | Lair:3   | Noticed a death yak
  9337 | Lair:3   | Noticed a death yak
  9338 | Lair:3   | Noticed a death yak
  9340 | Lair:3   | Noticed a death yak
  9341 | Lair:3   | Noticed a death yak
  9342 | Lair:3   | Noticed a death yak
  9348 | Lair:3   | Killed a death yak
  9349 | Lair:3   | Reached XP level 13. HP: 49/104 MP: 25/25
  9405 | Lair:3   | Found a staircase to the Shoals.
  9717 | Lair:3   | Identified a scroll of acquirement
  9718 | Lair:3   | Acquired the ring "Ehuasegi" {rC++ SInv}
 10059 | Lair:3   | Reached **** piety under Trog
 11281 | Lair:4   | Reached skill level 10 in Armour
 11281 | Lair:4   | Reached skill level 10 in Dodging
 11701 | Lair:4   | Identified the +3 leather armour of the Valley {rF+ MP+9
                  | Int+2 Slay+2}
 12220 | Lair:4   | Reached skill level 10 in Invocations
 12306 | Lair:4   | Reached XP level 14. HP: 102/113 MP: 27/27
 12447 | Lair:4   | Found a viscous altar of Jiyva.
 12452 | Lair:4   | Found a staircase to the Slime Pits.
 12912 | Lair:5   | Entered Level 5 of the Lair of Beasts
 13385 | Lair:5   | Noticed Rupert
 13403 | Lair:5   | Killed Rupert
 13626 | Lair:5   | HP: 5/113 [rime drake/icy flash freeze (17)]
 15040 | Lair:5   | Noticed a dire elephant
 15040 | Lair:5   | Noticed a dire elephant
 15040 | Lair:5   | Noticed a dire elephant
 15853 | Lair:5   | Reached skill level 10 in Short Blades
 15853 | Lair:5   | Reached skill level 10 in Long Blades
 15853 | Lair:5   | Reached skill level 10 in Axes
 15853 | Lair:5   | Reached skill level 10 in Polearms
 15853 | Lair:5   | Reached skill level 10 in Staves
 15853 | Lair:5   | Reached skill level 10 in Ranged Weapons
 15853 | Lair:5   | Reached skill level 10 in Throwing
 15853 | Lair:5   | Reached skill level 10 in Stealth
 15853 | Lair:5   | Reached skill level 10 in Shields
 15853 | Lair:5   | Reached skill level 10 in Unarmed Combat
 15853 | Lair:5   | Reached skill level 10 in Spellcasting
 15853 | Lair:5   | Reached skill level 10 in Evocations
 16355 | Lair:5   | Killed a dire elephant
 16372 | Lair:5   | Killed a dire elephant
 16563 | Lair:5   | Reached XP level 15. HP: 104/120 MP: 29/29
 16658 | Lair:5   | Identified the amulet of Lach {Harm rPois Regen+ Str+5}
 17632 | D:9      | Noticed Joseph
 17643 | D:9      | Killed Joseph
 17955 | D:10     | Entered Level 10 of the Dungeon
 18141 | D:10     | Found an ancient bone altar of Kikubaaqudgha.
 18335 | D:10     | Found a hide-covered altar of Uskayaw.
 18348 | D:10     | Noticed Psyche
 18356 | D:10     | Killed Psyche
 18511 | D:10     | Found a staircase to the Orcish Mines.
 18908 | D:11     | Reached ***** piety under Trog
 19131 | D:11     | Noticed Snorg
 19133 | D:11     | Noticed Fannar
 19143 | D:11     | Killed Snorg
 19154 | D:11     | Killed Fannar
 19970 | D:11     | Found a portal to a secret trove of treasure.
 21945 | D:13     | Noticed Lodul
 21952 | D:13     | Noticed Urug
 21954 | D:13     | Killed Lodul
 21976 | D:13     | Found a gate to the Vaults.
 21978 | D:13     | Killed Urug
 22422 | D:14     | Reached XP level 16. HP: 98/129 MP: 30/30
 23044 | D:14     | You fall into a shaft and drop 1 floor!
 23044 | D:15     | Entered Level 15 of the Dungeon
 24305 | D:15     | Noticed Azrael
 24323 | D:15     | Killed Azrael
 24414 | D:15     | Noticed Jorgrun
 24450 | D:15     | Killed Jorgrun
 24611 | D:15     | Identified the +7 sling of Watchfulness {freeze, rN+}
 24810 | D:15     | Found a bloodstained altar of Trog.
 24850 | D:15     | Noticed Agnes
 24866 | D:15     | Killed Agnes
 25615 | D:15     | Found a staircase to the Depths.
 25766 | D:15     | Upgraded the game from 0.31-a0-217-g58bb5d79cf to
                  | 0.31-a0-219-g8d62b2e7bb
 25927 | Orc:1    | Entered Level 1 of the Orcish Mines
 26129 | Orc:2    | Entered Level 2 of the Orcish Mines
 26635 | Orc:2    | Found Qaw Lisaetu's Distillery.
 26642 | Orc:2    | Bought a potion of cancellation for 112 gold pieces
 26881 | Orc:2    | Found Keyxasam's Distillery.
 26881 | Orc:2    | Found Doafasu's Armour Shop.
 27010 | Orc:2    | Received a gift from Trog
 27192 | Orc:2    | Found Xafal's Weapon Shop.
 27548 | Orc:2    | Found a staircase to the Elven Halls.
 27632 | Orc:2    | Found Heotrab's General Store.
 27659 | Orc:2    | HP: 2/131 [sun demon[an orc high priest] (12)]
 27659 | Orc:2    | Mangled by a sun demon

Illustrated notes

Levels and vault maps discovered:
D:1:      heliophobic_arrival_enchanted_forest, layout_basic, serial_shops, shop
D:2:      layout_rooms, palyth_stone_intersect, uniq_terence
D:3:      layout_rooms, chei_slow_surprise, mainiacjoe_overflow_boulevard,
          serial_bayou, serial_bayou_pond_b, serial_bayou_crossing,
          serial_bayou_lagoon_a, serial_bayou_pond_b, serial_bayou_pond_a
D:4:      layout_rooms, mainiacjoe_overflow_swirl, minmay_temple_entry_poolview,
          gammafunk_ghost_cemetery, serial_shops,
          nicolae_shop_temple_entry_statues_fountains,
          dilly_guarded_unrand_morg, uniq_robin, uniq_natasha
D:5:      layout_loops_cross, gammafunk_ghost_mausoleum
D:6:      layout_basic, overflow_temple_1_default, serial_shops,
          nicolae_shop_trees
D:7:      layout_basic, gammafunk_temple_overflow_pools, minitemple,
          wad_rectangle_vault, uniq_prince_ribbit1
D:8:      layout_loops_ring, hellmonk_lair_entry_icy
D:9:      layout_irregular_city, minmay_bent, uniq_joseph
D:10:     layout_rooms, mainiacjoe_overflow_concentric_impassable,
          eat_drink_and_be_merry_uskayaw, minmay_orc_entry_temple_large,
          uniq_psyche
D:11:     layout_loops_corners, nicolae_trove_entry_crossroad, uniq_snorg,
          uniq_fannar
D:12:     layout_roguey
D:13:     layout_roguey, david_vaults_3, minmay_unpleasant_kobolds
D:14:     layout_layer_cave, serial_park_tiny_1
D:15:     gammafunk_enter_depths_forms, layout_stronghold,
          grunt_decor_arrowhead, trog_ov_bears_minmay, uniq_azrael,
          uniq_jorgrun, uniq_agnes
Lair:1:   layout_regular_city
Lair:2:   layout_gridlike, guppyfry_snake_entry_garden, uniq_harold, uniq_sonja,
          uniq_amaemon
Lair:3:   layout_misc_corridors, minmay_shoals_entry_centaurs,
          beast_lair_carwin_7
Lair:4:   layout_regular_city, minmay_slime_entry_oklob_open
Lair:5:   due_jungle_book, layout_long_grid, dpeg_oklob_1, uniq_rupert
Orc:1:    layout_caves
Orc:2:    st_orc_town, layout_diamond_mine, serial_shops, shop, basic_altar

Skill      XL: |  1  2  3  4  5  6  7  8  9 10 11 12 13 14 15 16 |
---------------+-------------------------------------------------+-----
Invocations    | 1 2 3 4 5 7 8 9 10 11 12 | 12.5
Short Blades   | 1 2 3 5 6 7 8 9 10 11 | 11.5
Long Blades    | 1 2 3 5 6 7 8 9 10 11 | 11.5
Axes           | 1 2 3 5 6 7 8 9 10 11 | 11.5
Polearms       | 1 2 3 5 6 7 8 9 10 11 | 11.5
Staves         | 1 2 3 5 6 7 8 9 10 11 | 11.5
Ranged Weapons | 1 2 3 5 6 7 8 9 10 11 | 11.5
Throwing       | 1 2 3 5 6 7 8 9 10 11 | 11.5
Stealth        | 1 2 3 5 6 7 8 9 10 11 | 11.5
Shields        | 1 2 3 5 6 7 8 9 10 11 | 11.5
Unarmed Combat | 1 2 3 5 6 7 8 9 10 11 | 11.5
Spellcasting   | 1 2 3 5 6 7 8 9 10 11 | 11.5
Evocations     | 1 2 3 5 6 7 8 9 10 11 | 11.5
Conjurations   | 1 2 3 4 5 6 7 8 9 |  9.8
Hexes          | 1 2 3 4 5 6 7 8 9 |  9.8
Summonings     | 1 2 3 4 5 6 7 8 9 |  9.8
Necromancy     | 1 2 3 4 5 6 7 8 9 |  9.8
Translocations | 1 2 3 4 5 6 7 8 9 |  9.8
Transmutations | 1 2 3 4 5 6 7 8 9 |  9.8
Fire Magic     | 1 2 3 4 5 6 7 8 9 |  9.8
Ice Magic      | 1 2 3 4 5 6 7 8 9 |  9.8
Air Magic      | 1 2 3 4 5 6 7 8 9 |  9.8
Earth Magic    | 1 2 3 4 5 6 7 8 9 |  9.8
Poison Magic   | 1 2 3 4 5 6 7 8 9 |  9.8
Armour         | 5 6 8 9 10 11 12 | 12.4
Dodging        | 5 6 8 9 10 11 12 | 12.4
Fighting       | 7 8 9 10 11 12 13 | 13.2
Maces & Flails | 7 8 9 10 11 12 13 | 13.2

Action                     |  1- 3 |  4- 6 |  7- 9 | 10-12 | 13-15 | 16-18 || total
---------------------------+-------+-------+-------+-------+-------+-------++-------
  Melee: Mace              |    49 |   145 |       |       |       |       ||   194
         Bite              |     4 |    21 |    30 |    51 |   349 |   102 ||   557
         Flail             |       |    12 |   121 |       |       |       ||   133
         Whip              |       |       |   145 |       |       |       ||   145
         Trident           |       |       |    26 |   267 |       |       ||   293
         Morningstar       |       |       |    19 |       |       |       ||    19
         Demon whip        |       |       |       |    74 |  2047 |   629 ||  2750
         War axe           |       |       |       |       |    36 |    16 ||    52
         Demon trident     |       |       |       |       |       |     5 ||     5
  Throw: Stone             |       |       |       |     4 |    26 |       ||    30
         Javelin           |       |       |       |     4 |     1 |     7 ||    12
         Dart              |       |       |       |       |       |    17 ||    17
 Invoke: Berserk           |     2 |     2 |     6 |     7 |    24 |     9 ||    50
         Trog's Hand       |       |       |     2 |     3 |    17 |     5 ||    27
         Brothers in Arms  |       |       |       |       |     3 |     2 ||     5
  Evoke: Wand              |       |       |       |     3 |     6 |     1 ||    10
         Condenser vane    |       |       |       |       |     1 |     1 ||     2
    Use: Scroll            |       |       |    17 |     1 |    13 |     2 ||    33
         Potion            |       |       |     1 |     4 |     5 |       ||    10
   Stab: Invisible         |       |       |       |       |     9 |       ||     9
         Sleeping          |       |       |       |       |     2 |     1 ||     3
 Armour: Leather armour    |     3 |       |       |       |       |       ||     3
         Animal skin       |     1 |       |       |       |       |       ||     1
         Chain mail        |    12 |    87 |    82 |       |   202 |   164 ||   547
         Ring mail         |     1 |       |       |       |       |       ||     1
         Plate armour      |       |       |    67 |   115 |   327 |       ||   509
  Dodge: Dodged            |    25 |    61 |    70 |   134 |   667 |   128 ||  1085
  Block: Kite shield       |     9 |    61 |   121 |   168 |   913 |   305 ||  1577
         Reflection        |       |       |       |       |    19 |     9 ||    28

Table legend: (Time is in decaauts)
 A = Elapsed time spent in this place.
 B = Non-inter-level travel time spent in this place.
 C = Inter-level travel time spent in this place.
 D = Time resting spent in this place.
 E = Time spent auto-exploring this place.
 F = Levels seen in this place.
 G = Mean time per level.
                   A        B        C        D        E       F      G
               +--------+--------+--------+--------+--------+-----+--------+
         Total |  26995 |  25417 |   1578 |   3215 |  16643 |  22 | 1227.0 |
       Dungeon |  16279 |  15230 |   1049 |   1678 |  10457 |  15 | 1085.3 |
          Lair |   9164 |   8676 |    488 |   1427 |   5310 |   5 | 1832.8 |
  Orcish Mines |   1551 |   1511 |     40 |    109 |    876 |   2 |  775.5 |
               +--------+--------+--------+--------+--------+-----+--------+

Top non-repeatable levels by time:
  Lair:5: 3298 daAuts
  Lair:4: 2176 daAuts
    D:14: 1778 daAuts
    D:15: 1696 daAuts
    D:11: 1539 daAuts
  Lair:3: 1328 daAuts
     D:8: 1313 daAuts
  Lair:2: 1202 daAuts
     D:4: 1171 daAuts
  Lair:1: 1158 daAuts
     D:9: 1046 daAuts
   Orc:2: 1019 daAuts
    D:12: 1004 daAuts
     D:5: 992 daAuts
     D:1: 958 daAuts
